 Dungeon Crawl Stone Soup version 0.27-a0-1529-g1e82c303ef (webtiles) character file.

Game seed: 13123167858137682631

50 Wyvernaa the Skirmisher (level 3, -4/20 HPs)
             Began as a Vine Stalker Fighter on July 12, 2021.
             Slain by Sigmund (5 damage)
             ... on level 2 of the Dungeon.
             The game lasted 00:02:30 (1237 turns).

Wyvernaa the Skirmisher (Vine Stalker Fighter)      Turns: 1237, Time: 00:02:31

Health: -4/20      AC:  6    Str: 19    XL:     3   Next: 79%
Magic:  0/4        EV:  7    Int:  8    God:
Gold:   65         SH:  9    Dex: 13    Spells: 2/2 levels left

rFire    . . .     SeeInvis .   a - +1 trident
rCold    . . .     Faith    .   c - +0 kite shield
rNeg     . . .     Spirit   +   b - +0 scale mail
rPois    .         Reflect  .   (no helmet)
rElec    .         Harm     .   (no cloak)
rCorr    .         Rampage  .   (no gloves)
Will     .....                  (no boots)
Stlth    ..........             (no amulet)
HPRegen  0.06/turn              (no ring)
MPRegen  0.09/turn              (no ring)

@: mighty
A: fangs 2, magic shield, antimagic bite, no potion heal 2
a: no special abilities


You were on level 2 of the Dungeon.
You visited 1 branch of the dungeon, and saw 2 of its levels.

You collected 65 gold pieces.

Inventory:

Hand Weapons
 a - a +1 trident (weapon)
Armour
 b - a +0 scale mail (worn)
 c - a +0 kite shield (worn)
Potions
 e - a potion of curing {unknown}
 f - a potion of haste {unknown}


   Skills:
 + Level 3.1 Fighting
 + Level 2.5 Polearms
 + Level 2.7 Armour
 + Level 3.0 Shields


You had 2 spell levels left.
You didn't know any spells.
Your spell library was empty.

Dungeon Overview and Level Annotations

Branches:
Dungeon (2/15)

Altars:

Annotations:
D:2 Sigmund


Innate Abilities, Weirdness & Mutations

You have extremely sharp teeth.
When hurt, damage is shared between your health and your magic reserves.
Your bite disrupts and absorbs the magic of your enemies.
Potions cannot restore your health.


Message History

No target in view!
A worm comes into view.
You see here 9 gold pieces.
You barely miss the worm. Your bite misses the worm. The worm bites you.
You barely miss the worm. You block the worm's attack.
You puncture the worm!
The worm is severely wounded.
You puncture the worm!
You kill the worm!
No target in view!
No target in view!
You now have 65 gold pieces (gained 9).
Sigmund the Dreaded comes into view.
He is wielding a +0 scythe of freezing and wearing a +2 robe of fire resistance.
Sigmund shouts!
Sigmund is nearby!
Sigmund is nearby!
Sigmund is nearby!
You feel very mighty all of a sudden. You block Sigmund's attack.
Sigmund casts a spell at you. You resist with some effort.
You closely miss Sigmund. You bite Sigmund.
Sigmund's magic leaks into the air.
You drain his magic.
Sigmund is lightly wounded.
You block Sigmund's attack.
You barely miss Sigmund. Your bite misses Sigmund.
Sigmund is lightly wounded.
You block Sigmund's attack.
Sigmund hits you with a +0 scythe of freezing!
Sigmund freezes you.
You barely miss Sigmund. Your bite misses Sigmund.
Sigmund is lightly wounded.
You block Sigmund's attack.
You hit Sigmund. Your bite misses Sigmund.
Sigmund is moderately wounded.
Sigmund screams, "I am the angel of ZOT!!!"
Sigmund hits you with a +0 scythe of freezing!
* * * LOW HITPOINT WARNING * * *
Sigmund freezes you.
You die...

.##..##†....# .#
##).#.....# ..
##.#.....#####. .
#........... ..
###......... ...
######.....####....
......†.............
#######...........#
..........@@....#
##..............#
...#######......#
#### #......#
########


You could see Sigmund.

Vanquished Creatures
  An adder (D:2)
  A worm (D:2)
  A dart slug (D:2)
  3 ball pythons (D:1)
  3 endoplasms (D:1)
  2 giant cockroaches
  5 goblins (D:1)
  6 hobgoblins
  2 jackals (D:2)
  2 quokkas (D:1)
  3 kobolds (D:1)
  3 rats
32 creatures vanquished.

Notes
Turn   | Place    | Note
-------+----------+-------------------------------------------
     0 | D:1      | Wyvernaa the Vine Stalker Fighter began the quest for the
                  | Orb.
     0 | D:1      | Reached XP level 1. HP: 11/11 MP: 2/2
   251 | D:1      | Reached XP level 2. HP: 16/16 MP: 3/3
   470 | D:1      | Found a faded altar of an unknown god.
   657 | D:1      | Reached XP level 3. HP: 20/20 MP: 4/4
  1229 | D:2      | Noticed Sigmund
  1237 | D:2      | HP: 1/20 [Sigmund (8)]
  1237 | D:2      | Slain by Sigmund

Illustrated notes

Levels and vault maps discovered:
D:1:      minmay_arrival_up_and_down, layout_basic,
          dilly_ecumenical_altar_fadedgnrine
D:2:      layout_rooms, uniq_sigmund

Skill      XL: |  1  2 |
---------------+-------+-----
Fighting       | 3 |  3.1
Polearms       | 2 |  2.5
Shields        | 3 |  3.0
Armour         | |  2.7

Action                   || total
-------------------------++-------
Melee: Trident           ||    78
       Bite              ||    16
  Use: Scroll            ||     1
       Potion            ||     1
Armor: Scale mail        ||    19
Dodge: Dodged            ||    10
Block: Kite shield       ||    37

Table legend: (Time is in decaauts)
 A = Elapsed time spent in this place.
 B = Non-inter-level travel time spent in this place.
 C = Inter-level travel time spent in this place.
 D = Time resting spent in this place.
 E = Time spent auto-exploring this place.
 F = Levels seen in this place.
 G = Mean time per level.
                   A        B        C        D        E       F      G
               +--------+--------+--------+--------+--------+-----+--------+
         Total |   1271 |   1232 |     39 |      0 |   1038 |   2 |  635.5 |
       Dungeon |   1271 |   1232 |     39 |      0 |   1038 |   2 |  635.5 |
               +--------+--------+--------+--------+--------+-----+--------+

Top non-repeatable levels by time:
     D:1: 1043 daAuts
     D:2: 228 daAuts
